Carnivores vs Griffins
Created - February 17, 2020 at 19:18
Goals
|
| Carnivores |
3 |
0 |
0 |
3 |
| Griffins |
1 |
3 |
1 |
5 |
|
Shots
|
| Carnivores |
16 |
8 |
7 |
31 |
| Griffins |
10 |
14 |
8 |
32 |
|
1st period
1. Griffins , Ben Hanowski 11 (Petter Granberg 15) at 1:52
2. Carnivores , Joel Armia 14 (Markus Granlund 31, Blake Geoffrion 38) at 13:51 (PP)
3. Carnivores , Chris Lawrence 22 (Anton Gustafsson 30) at 18:40
4. Carnivores , Anton Gustafsson 23 (Chris Lawrence 37, David Fischer 21) at 19:08
Penalties :
Brendan Woods (Cap) for Roughing (Minor) at 10:51, Ben Hanowski (Cap) for Checking from behind (Minor) at 13:39
2nd period
5. Griffins , Sonny Milano 7 (Rourke Chartier 7, Nicholas Baptiste 4) at 0:55
6. Griffins , Nathan Gerbe 11 (Tye McGinn 35, Marko Dano 44) at 3:54
7. Griffins , Ben Hanowski 12 (Dylan Larkin 29) at 11:20 (PP)
Penalties :
Mattias Backman (Bre) for Slashing (Minor) at 10:52
3rd period
8. Griffins , Marko Dano 23 (Nathan Gerbe 20) at 5:11
Penalties :
Nicholas Baptiste (Cap) for Hooking (Minor) at 15:10
Goalie Stats
Tristan Jarry (Bre), 27 saves from 32 shots - (0.844), L, 5-11-1, 60:00 minutes
Olivier Roy (Cap), 28 saves from 31 shots - (0.903), W, 19-9-1, 60:00 minutes
Players Stats for Carnivores
Player Name G A P +/- PIM S H SB GA TA FO MP PP MP PK MP
------------------------------------------------------------------------------------
Andreas Englund 0 0 0 -2 0 0 0 1 1 1 0/0 7:53 0:00 0:10
Anton Gustafsson 1 1 2 -1 0 2 2 0 1 1 8/25 19:01 1:46 0:28
Blake Geoffrion 0 1 1 0 0 4 0 0 0 1 1/2 19:30 2:24 0:00
Chris Lawrence 1 1 2 -1 0 6 1 0 1 0 1/2 24:15 1:46 0:28
Curtis Lazar 0 0 0 0 0 0 3 0 2 0 5/7 7:03 0:00 0:00
David Fischer 0 1 1 0 0 5 1 1 1 1 0/0 26:33 2:19 0:10
Hunter Shinkaruk 0 0 0 0 0 0 0 0 0 0 0/0 2:31 0:00 0:00
Jeremy Welsh 0 0 0 -1 0 2 1 0 0 0 0/0 13:05 0:00 0:00
Joel Armia 1 0 1 0 0 4 1 0 0 1 0/0 19:43 2:24 0:00
Lucas Wallmark 0 0 0 -1 0 1 0 0 1 0 2/6 13:25 0:00 0:00
Mark McNeill 0 0 0 0 0 0 0 0 0 0 0/0 1:08 0:00 0:00
Markus Granlund 0 1 1 0 0 3 1 0 0 0 8/11 19:52 2:24 0:00
Mat Clark 0 0 0 0 0 1 2 0 0 1 0/0 20:44 1:51 0:18
Mattias Backman 0 0 0 -2 2 0 0 0 0 0 0/0 13:56 0:00 0:00
Nicolas Kerdiles 0 0 0 0 0 2 1 1 0 0 0/0 8:23 0:00 0:00
Oskar Lindblom 0 0 0 -1 0 0 1 0 0 0 2/2 18:30 1:46 0:00
Riley Barber 0 0 0 -1 0 0 1 0 0 1 0/2 13:05 0:00 0:00
T.J Brodie 0 0 0 0 0 0 1 1 0 0 0/0 18:50 1:51 0:18
Tony DeAngelo 0 0 0 0 0 1 0 3 0 0 0/0 22:42 2:19 0:00
Trevor Van Riemsdyk 0 0 0 0 0 0 1 1 0 1 0/0 9:21 0:00 0:00
Players Stats for Griffins
Player Name G A P +/- PIM S H SB GA TA FO MP PP MP PK MP
------------------------------------------------------------------------------------
Anton Slepyshev 0 0 0 0 0 4 0 0 1 0 0/0 11:34 0:07 0:19
Ben Hanowski 2 0 2 -1 2 4 4 2 3 0 1/2 18:16 0:07 0:47
Brandon Pirri 0 0 0 0 0 6 0 0 1 0 0/0 12:50 0:00 1:16
Brendan Woods 0 0 0 0 2 1 1 0 0 0 3/4 12:37 0:00 1:18
Dylan Larkin 0 1 1 -1 0 0 1 0 0 1 2/10 17:42 0:07 0:00
Gord Baldwin 0 0 0 2 0 0 0 1 0 0 0/0 11:08 0:00 2:16
Haydn Fleury 0 0 0 -1 0 0 0 2 0 0 0/0 23:22 0:00 2:16
Ian McCoshen 0 0 0 2 0 0 0 0 0 2 0/0 8:52 0:00 0:00
Marcus Pettersson 0 0 0 0 0 0 0 1 0 1 0/0 16:19 0:24 0:00
Marko Dano 1 1 2 2 0 4 2 0 0 0 1/1 19:29 0:21 0:47
Mirco Mueller 0 0 0 1 0 0 0 1 0 0 0/0 11:23 0:00 1:54
Nathan Gerbe 1 1 2 2 0 8 1 0 2 1 19/28 18:49 0:00 0:28
Nicholas Baptiste 0 1 1 1 2 0 0 2 0 0 0/0 8:05 0:00 0:00
Petter Granberg 0 1 1 0 0 1 1 1 0 0 0/0 15:59 0:04 0:00
Phil Oreskovic 0 0 0 1 0 0 0 2 0 1 0/0 11:27 0:04 1:54
Rourke Chartier 0 1 1 1 0 0 0 0 0 0 3/7 8:11 0:00 0:00
Simon Despres 0 0 0 -1 0 0 1 1 0 0 0/0 21:30 0:24 0:00
Sonny Milano 1 0 1 1 0 3 0 0 0 0 0/0 7:59 0:00 0:00
Teuvo Teravainen 0 0 0 -1 0 0 6 0 0 0 0/1 19:18 0:21 1:15
Tye McGinn 0 1 1 2 0 1 3 0 1 1 1/4 20:57 0:21 2:10
3 Stars
1 - Marko Dano (Cap)
2 - Nathan Gerbe (Cap)
3 - Ben Hanowski (Cap)
Power Play
Carnivores - 1 on 2 Attempt(s) - 50.00%
Griffins - 1 on 2 Attempt(s) - 50.00%
Penalty Kill
Carnivores - 1 on 2 Attempt(s) - 50.00%
- Score 0 goal in Penalty Kill
Griffins - 1 on 2 Attempt(s) - 50.00%
- Score 0 goal in Penalty Kill
Team Stat
Carnivores - Hits : 17 - Faceoff Wins : 27 - Blocked Shots : 8 - Penalty Minutes : 2
Griffins - Hits : 20 - Faceoff Wins : 30 - Blocked Shots : 13 - Penalty Minutes : 6
Official
Referees : Unknown
Linesman : Unknown
Game Notes
13:51 of 1st period - Carnivores goal is going for a video replay. After video review, Goal.
Andreas Englund is injured at 13:51 of 2nd period (Sprained Left Ankle)
4:35 of 3rd period - Penalty Shot by Blake Geoffrion for Carnivores - Stopped by Olivier Roy
Finance
Level 1 -- Attendance: 1380 (69.00%) -- Ticket Income $48,300
Level 2 -- Attendance: 646 (64.60%) -- Ticket Income $12,920
Total Attendance: 2026 (67.53%)
Total Ticket Income: $61,220
Other Income: $3,061
Total Income: $64,281
Carnivores
5 vs 5 Forward
Center Left Wing Right Wing Time % Phy DF OF
1 Anton Gustafsson Oskar Lindblom Chris Lawrence 40 1 2 2
2 Markus Granlund Blake Geoffrion Joel Armia 30 1 2 2
3 Curtis Lazar Nicolas Kerdiles Chris Lawrence 20 1 2 2
4 Lucas Wallmark Jeremy Welsh Riley Barber 10 1 2 2
5 vs 5 Defense
Defense Defense Time % Phy DF OF
1 David Fischer Tony DeAngelo 40 1 2 2
2 Mat Clark T.J Brodie 30 1 2 2
3 Andreas Englund Mattias Backman 20 1 2 2
4 David Fischer Trevor Van Riemsdyk 10 1 2 2
PowerPlay Forward
Center Left Wing Right Wing Time % Phy DF OF
1 Markus Granlund Blake Geoffrion Joel Armia 60 1 2 2
2 Anton Gustafsson Oskar Lindblom Chris Lawrence 40 1 2 2
PowerPlay Defense
Defense Defense Time % Phy DF OF
1 David Fischer Tony DeAngelo 60 1 2 2
2 Mat Clark T.J Brodie 40 1 2 2
Penalty Kill 4 Players Forward
Center Wing Time % Phy DF OF
1 Anton Gustafsson Chris Lawrence 60 1 2 2
2 Markus Granlund Nicolas Kerdiles 40 1 2 2
Penalty Kill 4 Players Defense
Defense Defense Time % Phy DF OF
1 Andreas Englund David Fischer 60 1 2 2
2 Mat Clark T.J Brodie 40 1 2 2
Penalty Kill - 3 Players Forward
Forward Time % Phy DF OF
1 Chris Lawrence 60 1 2 2
2 Anton Gustafsson 40 1 2 2
Penalty Kill - 3 Players Defense
Defense Defense Time % Phy DF OF
1 Andreas Englund David Fischer 60 1 2 2
2 Mat Clark T.J Brodie 40 1 2 2
4 vs 4 Forward
Center Wing Time % Phy DF OF
1 Anton Gustafsson Chris Lawrence 60 1 3 1
2 Markus Granlund Nicolas Kerdiles 40 1 3 1
4 vs 4 Defense
Defense Defense Time % Phy DF OF
1 David Fischer Tony DeAngelo 60 1 4 0
2 Mat Clark T.J Brodie 40 1 4 0
Last Minutes Offensive
Center Left Wing Right Wing Defense Defense
Anton Gustafsson Blake Geoffrion Chris Lawrence Tony DeAngelo T.J Brodie
Last Minutes Defensive
Center Left Wing Right Wing Defense Defense
Anton Gustafsson Nicolas Kerdiles Chris Lawrence Mat Clark David Fischer
Goaltenders
Starting : Tristan Jarry
Backup : Niklas Svedberg
Extra Forwards
Normal : Hunter Shinkaruk, Markus Granlund, Anton Gustafsson - PP : Hunter Shinkaruk, Anton Gustafsson - PK : Hunter Shinkaruk
Extra Defensemen
Normal : Trevor Van Riemsdyk, Tony DeAngelo, Andreas Englund - PP : Trevor Van Riemsdyk - PK : Tony DeAngelo, Mattias Backman
Penalty Shots
Blake Geoffrion, Anton Gustafsson, Markus Granlund, Joel Armia, Chris Lawrence
Scratches
Scott Laughton (Bruised Right Shoulder Injury), Ryan Olsen (Healthy), Adam Almquist (Healthy), Stanislav Galiev (Healthy), Mark MacMillan (Healthy)
Troy Bourke (Healthy), Alexandre Mallet (Healthy), Josh Wesley (Healthy), Linus Ullmark (Healthy)
Griffins
5 vs 5 Forward
Center Left Wing Right Wing Time % Phy DF OF
1 Nathan Gerbe Marko Dano Tye McGinn 38 0 2 3
2 Dylan Larkin Teuvo Teravainen Ben Hanowski 35 0 2 3
3 Brendan Woods Anton Slepyshev Brandon Pirri 17 0 2 3
4 Rourke Chartier Sonny Milano Nicholas Baptiste 10 0 2 3
5 vs 5 Defense
Defense Defense Time % Phy DF OF
1 Simon Despres Haydn Fleury 40 0 3 2
2 Marcus Pettersson Petter Granberg 30 0 3 2
3 Phil Oreskovic Mirco Mueller 15 0 3 2
4 Ian McCoshen Gord Baldwin 15 0 3 2
PowerPlay Forward
Center Left Wing Right Wing Time % Phy DF OF
1 Marko Dano Teuvo Teravainen Tye McGinn 60 0 1 4
2 Dylan Larkin Anton Slepyshev Ben Hanowski 40 0 1 4
PowerPlay Defense
Defense Defense Time % Phy DF OF
1 Simon Despres Marcus Pettersson 60 0 2 3
2 Phil Oreskovic Petter Granberg 40 0 2 3
Penalty Kill 4 Players Forward
Center Wing Time % Phy DF OF
1 Tye McGinn Brendan Woods 60 0 4 1
2 Marko Dano Ben Hanowski 40 0 4 1
Penalty Kill 4 Players Defense
Defense Defense Time % Phy DF OF
1 Gord Baldwin Haydn Fleury 60 1 2 2
2 Phil Oreskovic Mirco Mueller 40 1 2 2
Penalty Kill - 3 Players Forward
Forward Time % Phy DF OF
1 Brendan Woods 60 0 4 1
2 Ben Hanowski 40 0 4 1
Penalty Kill - 3 Players Defense
Defense Defense Time % Phy DF OF
1 Gord Baldwin Haydn Fleury 60 1 2 2
2 Phil Oreskovic Mirco Mueller 40 1 2 2
4 vs 4 Forward
Center Wing Time % Phy DF OF
1 Marko Dano Tye McGinn 60 0 2 3
2 Dylan Larkin Teuvo Teravainen 40 0 2 3
4 vs 4 Defense
Defense Defense Time % Phy DF OF
1 Gord Baldwin Petter Granberg 60 0 3 2
2 Marcus Pettersson Phil Oreskovic 40 0 3 2
Last Minutes Offensive
Center Left Wing Right Wing Defense Defense
Marko Dano Teuvo Teravainen Tye McGinn Marcus Pettersson Simon Despres
Last Minutes Defensive
Center Left Wing Right Wing Defense Defense
Marko Dano Brendan Woods Ben Hanowski Haydn Fleury Phil Oreskovic
Goaltenders
Starting : Olivier Roy
Backup : Igor Shesterkin
Extra Forwards
Normal : Marko Dano, Dylan Larkin, Nathan Gerbe - PP : Nathan Gerbe, Brandon Pirri - PK : Brandon Pirri
Extra Defensemen
Normal : Simon Despres, Marcus Pettersson, Haydn Fleury - PP : Haydn Fleury - PK : Petter Granberg, Marcus Pettersson
Penalty Shots
Dylan Larkin, Nathan Gerbe, Rourke Chartier, Sonny Milano, Marko Dano
Scratches
Tobias Rieder (Right Foot Injury), Vladislav Namestnikov (Healthy), Garrett Wilson (Healthy), Tanner Kero (Healthy), Greg McKegg (Healthy)
Konrad Abeltshauser (Healthy), Tomas Hyka (Healthy), Michael Bunting (Healthy), Danny Kristo (Healthy), Ryan Mantha (Healthy)
Jack Ramsey (Healthy), Marcus Hogberg (Healthy), Hayden Hawkey (Healthy)
% Time on Ice - Carnivores
Lines # - Real PCT - Wanted PCT - Time Play
Normal Forward
1 - 31% - 40% - 17:21
2 - 32% - 30% - 17:53
3 - 13% - 20% - 7:03
4 - 24% - 10% - 13:05
Normal Defense
1 - 34% - 40% - 19:06
2 - 30% - 30% - 16:41
3 - 26% - 20% - 14:13
4 - 10% - 10% - 5:22
PP Forward
1 - 58% - 60% - 2:24
2 - 42% - 40% - 1:46
PP Defense
1 - 56% - 60% - 2:19
2 - 44% - 40% - 1:51
PK Forward
1 - 100% - 60% - 0:28
2 - 0% - 40% - 0:00
PK Defense
1 - 36% - 60% - 0:10
2 - 64% - 40% - 0:18
PK3 Forward
1 - 0% - 60%
2 - 0% - 40%
PK3 Defense
1 - 0% - 60%
2 - 0% - 40%
44 Forward
1 - 0% - 60%
2 - 0% - 40%
44 Defense
1 - 0% - 60%
2 - 0% - 40%
Last Minute Offensive - 0:00
Last Minute Defensive - 0:00
Total
Forward - 60:00
Defense - 60:00
|
% Time on Ice - Griffins
Lines # - Real PCT - Wanted PCT - Time Play
Normal Forward
1 - 35% - 38% - 19:12
2 - 31% - 35% - 17:23
3 - 20% - 17% - 10:48
4 - 14% - 10% - 7:59
Normal Defense
1 - 38% - 40% - 21:06
2 - 30% - 30% - 16:22
3 - 16% - 15% - 9:02
4 - 16% - 15% - 8:52
PP Forward
1 - 75% - 60% - 0:21
2 - 25% - 40% - 0:07
PP Defense
1 - 86% - 60% - 0:24
2 - 14% - 40% - 0:04
PK Forward
1 - 81% - 60% - 3:23
2 - 19% - 40% - 0:47
PK Defense
1 - 54% - 60% - 2:16
2 - 46% - 40% - 1:54
PK3 Forward
1 - 0% - 60%
2 - 0% - 40%
PK3 Defense
1 - 0% - 60%
2 - 0% - 40%
44 Forward
1 - 0% - 60%
2 - 0% - 40%
44 Defense
1 - 0% - 60%
2 - 0% - 40%
Last Minute Offensive - 0:00
Last Minute Defensive - 0:00
Total
Forward - 60:00
Defense - 60:00
|
Play-by-Play
1st period
0:01 of 1st period - Anton Gustafsson wins face-off versus Nathan Gerbe in neutral zone.
1:18 of 1st period - Snap shot by Sonny Milano.
1:18 of 1st period - Stopped by Tristan Jarry with a rebound.
1:30 of 1st period - Wrist shot by Nathan Gerbe.
1:30 of 1st period - Shot Misses the Net.
1:52 of 1st period - Wrist shot by Ben Hanowski.
1:52 of 1st period - Goal by Ben Hanowski - Carnivores : 0 - Griffins : 1.
1:53 of 1st period - Curtis Lazar wins face-off versus Dylan Larkin in neutral zone.
2:04 of 1st period - Snap shot by Chris Lawrence.
2:04 of 1st period - Shot Misses the Net.
2:21 of 1st period - Off-side.
2:22 of 1st period - Nathan Gerbe wins face-off versus Blake Geoffrion in neutral zone.
2:37 of 1st period - Wrist shot by Blake Geoffrion.
2:37 of 1st period - Stopped by Olivier Roy with a rebound.
3:13 of 1st period - Wrist shot by Sonny Milano.
3:13 of 1st period - Deflect By Rourke Chartier.
3:13 of 1st period - Shot Misses the Net.
3:13 of 1st period - Puck is out of play.
3:14 of 1st period - Markus Granlund wins face-off versus Rourke Chartier in Carnivores zone.
3:23 of 1st period - Snap shot by Joel Armia.
3:23 of 1st period - Stopped by Olivier Roy without a rebound.
3:24 of 1st period - Markus Granlund wins face-off versus Brendan Woods in Griffins zone.
4:09 of 1st period - Snap shot by Ben Hanowski.
4:09 of 1st period - Stopped by Tristan Jarry without a rebound.
4:10 of 1st period - Dylan Larkin wins face-off versus Lucas Wallmark in Carnivores zone.
4:35 of 1st period - Chris Lawrence is hit by Nathan Gerbe.
5:15 of 1st period - Gord Baldwin is hit by Anton Gustafsson and loses puck.
5:42 of 1st period - Mattias Backman is hit by Ben Hanowski and loses puck.
6:01 of 1st period - Nathan Gerbe is hit by Curtis Lazar and loses puck.
6:16 of 1st period - Mat Clark is hit by Petter Granberg and loses puck.
6:21 of 1st period - Snap shot by Brandon Pirri.
6:21 of 1st period - Stopped by Tristan Jarry with a rebound.
6:23 of 1st period - Slapshot by Anton Slepyshev.
6:23 of 1st period - Shot Misses the Net.
7:10 of 1st period - Slapshot by Nathan Gerbe.
7:10 of 1st period - Stopped by Tristan Jarry with a rebound.
7:34 of 1st period - Wrist shot by Anton Slepyshev.
7:34 of 1st period - Stopped by Tristan Jarry with a rebound.
7:36 of 1st period - Wrist shot by Brendan Woods.
7:36 of 1st period - Shot Blocked by Tony DeAngelo.
7:46 of 1st period - Snap shot by Anton Gustafsson.
7:46 of 1st period - Shot Misses the Net.
7:48 of 1st period - Slapshot by Jeremy Welsh.
7:48 of 1st period - Shot Misses the Net.
8:16 of 1st period - Snap shot by Nathan Gerbe.
8:16 of 1st period - Shot Blocked by Tony DeAngelo.
8:48 of 1st period - Brandon Pirri is hit by Oskar Lindblom and loses puck.
9:44 of 1st period - Icing by Blake Geoffrion.
9:45 of 1st period - Brendan Woods wins face-off versus Markus Granlund in Carnivores zone.
9:57 of 1st period - Wrist shot by Anton Slepyshev.
9:57 of 1st period - Stopped by Tristan Jarry without a rebound.
9:58 of 1st period - Anton Gustafsson wins face-off versus Dylan Larkin in Carnivores zone.
10:04 of 1st period - Chris Lawrence is hit by Ben Hanowski and loses puck.
10:32 of 1st period - Slapshot by David Fischer.
10:32 of 1st period - Deflect By Jeremy Welsh.
10:32 of 1st period - Stopped by Olivier Roy with a rebound.
10:51 of 1st period - Minor Penalty to Brendan Woods for Roughing.
10:52 of 1st period - Tye McGinn wins face-off versus Markus Granlund in Griffins zone.
10:59 of 1st period - Snap shot by Markus Granlund.
10:59 of 1st period - Shot Misses the Net.
11:01 of 1st period - Slapshot by David Fischer.
11:01 of 1st period - Shot Misses the Net.
11:03 of 1st period - Slapshot by David Fischer.
11:03 of 1st period - Stopped by Olivier Roy with a rebound.
11:05 of 1st period - Slapshot by David Fischer.
11:05 of 1st period - Shot Misses the Net.
11:17 of 1st period - Chris Lawrence is hit by Teuvo Teravainen and loses puck.
12:02 of 1st period - Anton Gustafsson is hit by Ben Hanowski and loses puck.
12:51 of 1st period - Penalty to Brendan Woods is over, Brendan Woods is back on ice.
13:08 of 1st period - Wrist shot by Tye McGinn.
13:08 of 1st period - Shot Misses the Net.
13:10 of 1st period - Slapshot by Mirco Mueller.
13:10 of 1st period - Deflect By Brendan Woods.
13:10 of 1st period - Shot Misses the Net.
13:10 of 1st period - Puck is out of play.
13:11 of 1st period - Rourke Chartier wins face-off versus Curtis Lazar in Carnivores zone.
13:19 of 1st period - Off-side.
13:20 of 1st period - Curtis Lazar wins face-off versus Rourke Chartier in neutral zone.
13:31 of 1st period - Wrist shot by Chris Lawrence.
13:31 of 1st period - Stopped by Olivier Roy without a rebound.
13:32 of 1st period - Markus Granlund wins face-off versus Teuvo Teravainen in Griffins zone.
13:37 of 1st period - Snap shot by Joel Armia.
13:37 of 1st period - Shot Misses the Net.
13:39 of 1st period - Minor Penalty to Ben Hanowski for Checking from behind.
13:40 of 1st period - Markus Granlund wins face-off versus Tye McGinn in Griffins zone.
13:45 of 1st period - Snap shot by Markus Granlund.
13:45 of 1st period - Stopped by Olivier Roy with a rebound.
13:47 of 1st period - Wrist shot by Markus Granlund.
13:47 of 1st period - Deflect By Joel Armia.
13:47 of 1st period - Stopped by Olivier Roy with a rebound.
13:49 of 1st period - Snap shot by Markus Granlund.
13:49 of 1st period - Shot Blocked by Gord Baldwin.
13:51 of 1st period - Wrist shot by Joel Armia.
13:51 of 1st period - Carnivores goal is going for a video replay.
13:51 of 1st period - The goal is good.
13:51 of 1st period - Goal by Joel Armia - Carnivores : 1 - Griffins : 1.
13:52 of 1st period - Dylan Larkin wins face-off versus Anton Gustafsson in neutral zone.
14:18 of 1st period - Simon Despres is hit by David Fischer.
14:28 of 1st period - Snap shot by Nathan Gerbe.
14:28 of 1st period - Shot Misses the Net.
14:48 of 1st period - Snap shot by Riley Barber.
14:48 of 1st period - Shot Blocked by Phil Oreskovic.
14:50 of 1st period - Snap shot by David Fischer.
14:50 of 1st period - Stopped by Olivier Roy without a rebound.
14:51 of 1st period - Ben Hanowski wins face-off versus Anton Gustafsson in Griffins zone.
15:02 of 1st period - Wrist shot by Chris Lawrence.
15:02 of 1st period - Shot Blocked by Haydn Fleury.
15:04 of 1st period - Snap shot by Chris Lawrence.
15:04 of 1st period - Shot Blocked by Ben Hanowski.
15:46 of 1st period - Wrist shot by Anton Slepyshev.
15:46 of 1st period - Stopped by Tristan Jarry with a rebound.
15:48 of 1st period - Snap shot by Brandon Pirri.
15:48 of 1st period - Stopped by Tristan Jarry without a rebound.
15:49 of 1st period - Nathan Gerbe wins face-off versus Anton Gustafsson in Carnivores zone.
16:16 of 1st period - Marcus Pettersson is hit by Riley Barber and loses puck.
16:57 of 1st period - Slapshot by Marko Dano.
16:57 of 1st period - Stopped by Tristan Jarry without a rebound.
16:58 of 1st period - Chris Lawrence wins face-off versus Nathan Gerbe in Carnivores zone.
16:58 of 1st period - Chris Lawrence is hit by Tye McGinn.
17:07 of 1st period - Off-side.
17:08 of 1st period - Anton Gustafsson wins face-off versus Ben Hanowski in neutral zone.
17:19 of 1st period - Wrist shot by Anton Gustafsson.
17:19 of 1st period - Stopped by Olivier Roy with a rebound.
17:21 of 1st period - Slapshot by Anton Gustafsson.
17:21 of 1st period - Shot Misses the Net.
17:23 of 1st period - Slapshot by David Fischer.
17:23 of 1st period - Shot Misses the Net.
17:35 of 1st period - Wrist shot by Jeremy Welsh.
17:35 of 1st period - Shot Blocked by Simon Despres.
17:37 of 1st period - Wrist shot by Lucas Wallmark.
17:37 of 1st period - Stopped by Olivier Roy without a rebound.
17:38 of 1st period - Lucas Wallmark wins face-off versus Nathan Gerbe in Griffins zone.
17:51 of 1st period - Slapshot by Mat Clark.
17:51 of 1st period - Deflect By Tye McGinn.
17:51 of 1st period - Stopped by Olivier Roy with a rebound.
18:21 of 1st period - Chris Lawrence is hit by Dylan Larkin and loses puck.
18:38 of 1st period - Snap shot by Chris Lawrence.
18:38 of 1st period - Shot Blocked by Petter Granberg.
18:40 of 1st period - Wrist shot by Chris Lawrence.
18:40 of 1st period - Goal by Chris Lawrence - Carnivores : 2 - Griffins : 1.
18:41 of 1st period - Markus Granlund wins face-off versus Nathan Gerbe in neutral zone.
18:48 of 1st period - Snap shot by Blake Geoffrion.
18:48 of 1st period - Stopped by Olivier Roy with a rebound.
18:50 of 1st period - Slapshot by David Fischer.
18:50 of 1st period - Shot Misses the Net.
18:52 of 1st period - Slapshot by David Fischer.
18:52 of 1st period - Shot Blocked by Haydn Fleury.
18:54 of 1st period - Slapshot by David Fischer.
18:54 of 1st period - Stopped by Olivier Roy without a rebound.
18:55 of 1st period - Oskar Lindblom wins face-off versus Dylan Larkin in Griffins zone.
19:08 of 1st period - Snap shot by Anton Gustafsson.
19:08 of 1st period - Goal by Anton Gustafsson - Carnivores : 3 - Griffins : 1.
19:09 of 1st period - Nathan Gerbe wins face-off versus Anton Gustafsson in neutral zone.
19:12 of 1st period - Anton Gustafsson is hit by Tye McGinn and loses puck.
19:35 of 1st period - Markus Granlund is hit by Teuvo Teravainen and loses puck.
Goals for this period are 3 for Carnivores vs 1 for Griffins.
Shots for this period are 16 for Carnivores vs 10 for Griffins.
2nd period
0:01 of 2nd period - Nathan Gerbe wins face-off versus Anton Gustafsson in neutral zone.
0:12 of 2nd period - Snap shot by Nathan Gerbe.
0:12 of 2nd period - Stopped by Tristan Jarry with a rebound.
0:53 of 2nd period - Snap shot by Rourke Chartier.
0:53 of 2nd period - Shot Misses the Net.
0:55 of 2nd period - Wrist shot by Sonny Milano.
0:55 of 2nd period - Goal by Sonny Milano - Carnivores : 3 - Griffins : 2.
0:56 of 2nd period - Nathan Gerbe wins face-off versus Anton Gustafsson in neutral zone.
1:07 of 2nd period - Slapshot by Nathan Gerbe.
1:07 of 2nd period - Deflect By Anton Gustafsson.
1:07 of 2nd period - Stopped by Tristan Jarry with a rebound.
1:09 of 2nd period - Wrist shot by Nathan Gerbe.
1:09 of 2nd period - Shot Misses the Net.
1:11 of 2nd period - Slapshot by Haydn Fleury.
1:11 of 2nd period - Shot Misses the Net.
1:23 of 2nd period - Ben Hanowski is hit by Markus Granlund and loses puck.
2:02 of 2nd period - Backhand shot by Jeremy Welsh.
2:02 of 2nd period - Stopped by Olivier Roy without a rebound.
2:03 of 2nd period - Rourke Chartier wins face-off versus Lucas Wallmark in Griffins zone.
2:52 of 2nd period - Joel Armia is hit by Teuvo Teravainen and loses puck.
3:50 of 2nd period - Snap shot by Nathan Gerbe.
3:50 of 2nd period - Shot Misses the Net.
3:52 of 2nd period - Wrist shot by Nathan Gerbe.
3:52 of 2nd period - Shot Blocked by T.J Brodie.
3:54 of 2nd period - Wrist shot by Tye McGinn.
3:54 of 2nd period - Deflect By Nathan Gerbe.
3:54 of 2nd period - Goal by Nathan Gerbe - Carnivores : 3 - Griffins : 3.
3:55 of 2nd period - Nathan Gerbe wins face-off versus Anton Gustafsson in neutral zone.
4:21 of 2nd period - Blake Geoffrion is hit by Teuvo Teravainen and loses puck.
4:33 of 2nd period - Blake Geoffrion is hit by Teuvo Teravainen and loses puck.
4:56 of 2nd period - Snap shot by T.J Brodie.
4:56 of 2nd period - Shot Misses the Net.
5:03 of 2nd period - Icing by Haydn Fleury.
5:04 of 2nd period - Rourke Chartier wins face-off versus Curtis Lazar in Griffins zone.
5:11 of 2nd period - Snap shot by Sonny Milano.
5:11 of 2nd period - Stopped by Tristan Jarry with a rebound.
5:19 of 2nd period - Wrist shot by Chris Lawrence.
5:19 of 2nd period - Stopped by Olivier Roy with a rebound.
5:33 of 2nd period - Mattias Backman is hit by Marko Dano and loses puck.
6:10 of 2nd period - Slapshot by Jeremy Welsh.
6:10 of 2nd period - Shot Misses the Net.
6:26 of 2nd period - Blake Geoffrion is hit by Brendan Woods and loses puck.
7:41 of 2nd period - Wrist shot by Chris Lawrence.
7:41 of 2nd period - Shot Misses the Net.
8:09 of 2nd period - Teuvo Teravainen is hit by Trevor Van Riemsdyk.
8:32 of 2nd period - Marcus Pettersson is hit by Anton Gustafsson and loses puck.
9:01 of 2nd period - Snap shot by Nathan Gerbe.
9:01 of 2nd period - Stopped by Tristan Jarry without a rebound.
9:02 of 2nd period - Curtis Lazar wins face-off versus Dylan Larkin in Carnivores zone.
9:38 of 2nd period - Off-side.
9:39 of 2nd period - Nathan Gerbe wins face-off versus Markus Granlund in neutral zone.
9:42 of 2nd period - Snap shot by Tye McGinn.
9:42 of 2nd period - Stopped by Tristan Jarry with a rebound.
9:51 of 2nd period - Off-side.
9:52 of 2nd period - Anton Gustafsson wins face-off versus Nathan Gerbe in neutral zone.
10:52 of 2nd period - Minor Penalty to Mattias Backman for Slashing.
10:53 of 2nd period - Marko Dano wins face-off versus Anton Gustafsson in Carnivores zone.
11:20 of 2nd period - Wrist shot by Ben Hanowski.
11:20 of 2nd period - Goal by Ben Hanowski - Carnivores : 3 - Griffins : 4.
11:21 of 2nd period - Anton Gustafsson wins face-off versus Nathan Gerbe in neutral zone.
11:46 of 2nd period - Teuvo Teravainen is hit by Joel Armia and loses puck.
12:11 of 2nd period - Snap shot by Markus Granlund.
12:11 of 2nd period - Shot Misses the Net.
12:13 of 2nd period - Slapshot by Joel Armia.
12:13 of 2nd period - Shot Blocked by Nicholas Baptiste.
12:21 of 2nd period - Snap shot by Blake Geoffrion.
12:21 of 2nd period - Shot Blocked by Mirco Mueller.
12:35 of 2nd period - Slapshot by Joel Armia.
12:35 of 2nd period - Stopped by Olivier Roy with a rebound.
12:37 of 2nd period - Snap shot by David Fischer.
12:37 of 2nd period - Stopped by Olivier Roy with a rebound.
12:43 of 2nd period - Backhand shot by Markus Granlund.
12:43 of 2nd period - Stopped by Olivier Roy without a rebound.
12:44 of 2nd period - Nathan Gerbe wins face-off versus Anton Gustafsson in Griffins zone.
13:15 of 2nd period - Snap shot by Ben Hanowski.
13:15 of 2nd period - Stopped by Tristan Jarry with a rebound.
13:17 of 2nd period - Slapshot by Petter Granberg.
13:17 of 2nd period - Stopped by Tristan Jarry without a rebound.
13:18 of 2nd period - Curtis Lazar wins face-off versus Dylan Larkin in Carnivores zone.
13:25 of 2nd period - Wrist shot by Nicolas Kerdiles.
13:25 of 2nd period - Shot Blocked by Ben Hanowski.
13:29 of 2nd period - Backhand shot by Nicolas Kerdiles.
13:29 of 2nd period - Stopped by Olivier Roy with a rebound.
13:31 of 2nd period - Slapshot by Mattias Backman.
13:31 of 2nd period - Shot Blocked by Marcus Pettersson.
13:33 of 2nd period - Slapshot by Nicolas Kerdiles.
13:33 of 2nd period - Shot Misses the Net.
13:49 of 2nd period - Wrist shot by Marko Dano.
13:49 of 2nd period - Stopped by Tristan Jarry with a rebound.
13:51 of 2nd period - Snap shot by Nathan Gerbe.
13:51 of 2nd period - Deflect By Mattias Backman.
13:51 of 2nd period - Shot Blocked by Andreas Englund.
13:51 of 2nd period - Andreas Englund from Carnivores is injured at 13:51 of 2nd period (Sprained Left Ankle).
13:52 of 2nd period - Anton Gustafsson wins face-off versus Nathan Gerbe in Carnivores zone.
13:59 of 2nd period - Snap shot by Marko Dano.
13:59 of 2nd period - Shot Blocked by David Fischer.
14:45 of 2nd period - Brendan Woods is hit by Jeremy Welsh and loses puck.
15:54 of 2nd period - Slapshot by Rourke Chartier.
15:54 of 2nd period - Shot Misses the Net.
16:10 of 2nd period - Mirco Mueller is hit by Mat Clark and loses puck.
16:28 of 2nd period - Snap shot by Nathan Gerbe.
16:28 of 2nd period - Stopped by Tristan Jarry without a rebound.
16:29 of 2nd period - Nathan Gerbe wins face-off versus Riley Barber in Carnivores zone.
17:22 of 2nd period - Wrist shot by Riley Barber.
17:22 of 2nd period - Deflect By Jeremy Welsh.
17:22 of 2nd period - Shot Misses the Net.
17:22 of 2nd period - Puck is out of play.
17:23 of 2nd period - Nathan Gerbe wins face-off versus Anton Gustafsson in Griffins zone.
17:29 of 2nd period - Off-side.
17:30 of 2nd period - Nathan Gerbe wins face-off versus Anton Gustafsson in neutral zone.
17:59 of 2nd period - Snap shot by Markus Granlund.
17:59 of 2nd period - Stopped by Olivier Roy without a rebound.
18:00 of 2nd period - Markus Granlund wins face-off versus Dylan Larkin in Griffins zone.
18:05 of 2nd period - Snap shot by Blake Geoffrion.
18:05 of 2nd period - Shot Misses the Net.
18:58 of 2nd period - Snap shot by Brandon Pirri.
18:58 of 2nd period - Stopped by Tristan Jarry with a rebound.
19:00 of 2nd period - Slapshot by Haydn Fleury.
19:00 of 2nd period - Shot Misses the Net.
19:02 of 2nd period - Snap shot by Brandon Pirri.
19:02 of 2nd period - Stopped by Tristan Jarry without a rebound.
19:03 of 2nd period - Anton Gustafsson wins face-off versus Dylan Larkin in Carnivores zone.
19:17 of 2nd period - Ben Hanowski is hit by Chris Lawrence and loses puck.
19:33 of 2nd period - Slapshot by Blake Geoffrion.
19:33 of 2nd period - Stopped by Olivier Roy without a rebound.
19:34 of 2nd period - Nathan Gerbe wins face-off versus Anton Gustafsson in Griffins zone.
19:34 of 2nd period - Nathan Gerbe is hit by T.J Brodie.
19:40 of 2nd period - Snap shot by Anton Gustafsson.
19:40 of 2nd period - Shot Misses the Net.
Goals for this period are 0 for Carnivores vs 3 for Griffins.
Shots for this period are 8 for Carnivores vs 14 for Griffins.
3rd period
0:01 of 3rd period - Oskar Lindblom wins face-off versus Nathan Gerbe in neutral zone.
0:55 of 3rd period - Snap shot by Nicolas Kerdiles.
0:55 of 3rd period - Stopped by Olivier Roy with a rebound.
0:57 of 3rd period - Slapshot by David Fischer.
0:57 of 3rd period - Stopped by Olivier Roy without a rebound.
0:58 of 3rd period - Nathan Gerbe wins face-off versus Anton Gustafsson in Griffins zone.
1:04 of 3rd period - Snap shot by Chris Lawrence.
1:04 of 3rd period - Stopped by Olivier Roy without a rebound.
1:05 of 3rd period - Nathan Gerbe wins face-off versus Anton Gustafsson in Griffins zone.
1:42 of 3rd period - Snap shot by Joel Armia.
1:42 of 3rd period - Shot Misses the Net.
1:54 of 3rd period - Snap shot by Anton Slepyshev.
1:54 of 3rd period - Deflect By Brandon Pirri.
1:54 of 3rd period - Shot Misses the Net.
1:54 of 3rd period - Puck is out of play.
1:55 of 3rd period - Brendan Woods wins face-off versus Lucas Wallmark in Carnivores zone.
2:31 of 3rd period - Wrist shot by Brandon Pirri.
2:31 of 3rd period - Stopped by Tristan Jarry with a rebound.
2:33 of 3rd period - Snap shot by Brandon Pirri.
2:33 of 3rd period - Shot Misses the Net.
2:55 of 3rd period - Icing by Haydn Fleury.
2:56 of 3rd period - Brendan Woods wins face-off versus Anton Gustafsson in Griffins zone.
3:07 of 3rd period - Slapshot by Brandon Pirri.
3:07 of 3rd period - Stopped by Tristan Jarry without a rebound.
3:08 of 3rd period - Nathan Gerbe wins face-off versus Anton Gustafsson in Carnivores zone.
3:58 of 3rd period - Sonny Milano is hit by Mat Clark and loses puck.
4:35 of 3rd period - Penalty Shot by Blake Geoffrion for Carnivores.
4:35 of 3rd period - Snap shot by Blake Geoffrion.
4:35 of 3rd period - Stopped by Olivier Roy.
4:36 of 3rd period - Markus Granlund wins face-off versus Rourke Chartier in Carnivores zone.
5:07 of 3rd period - Off-side.
5:08 of 3rd period - Nathan Gerbe wins face-off versus Anton Gustafsson in neutral zone.
5:11 of 3rd period - Wrist shot by Marko Dano.
5:11 of 3rd period - Goal by Marko Dano - Carnivores : 3 - Griffins : 5.
5:12 of 3rd period - Nathan Gerbe wins face-off versus Chris Lawrence in neutral zone.
5:26 of 3rd period - Snap shot by Marko Dano.
5:26 of 3rd period - Shot Blocked by Tony DeAngelo.
6:02 of 3rd period - Snap shot by David Fischer.
6:02 of 3rd period - Shot Misses the Net.
6:04 of 3rd period - Wrist shot by Jeremy Welsh.
6:04 of 3rd period - Shot Misses the Net.
6:06 of 3rd period - Slapshot by Tony DeAngelo.
6:06 of 3rd period - Stopped by Olivier Roy without a rebound.
6:07 of 3rd period - Nathan Gerbe wins face-off versus Riley Barber in Griffins zone.
7:26 of 3rd period - Wrist shot by Nathan Gerbe.
7:26 of 3rd period - Stopped by Tristan Jarry with a rebound.
7:56 of 3rd period - Slapshot by Simon Despres.
7:56 of 3rd period - Deflect By Anton Slepyshev.
7:56 of 3rd period - Stopped by Tristan Jarry with a rebound.
8:02 of 3rd period - Snap shot by Brandon Pirri.
8:02 of 3rd period - Shot Misses the Net.
8:04 of 3rd period - Snap shot by Brendan Woods.
8:04 of 3rd period - Stopped by Tristan Jarry with a rebound.
8:38 of 3rd period - Snap shot by Nicholas Baptiste.
8:38 of 3rd period - Shot Misses the Net.
8:51 of 3rd period - Off-side.
8:52 of 3rd period - Anton Gustafsson wins face-off versus Dylan Larkin in neutral zone.
8:55 of 3rd period - Wrist shot by Chris Lawrence.
8:55 of 3rd period - Stopped by Olivier Roy with a rebound.
9:17 of 3rd period - Mattias Backman is hit by Tye McGinn and loses puck.
9:38 of 3rd period - Snap shot by Chris Lawrence.
9:38 of 3rd period - Stopped by Olivier Roy with a rebound.
9:40 of 3rd period - Slapshot by Trevor Van Riemsdyk.
9:40 of 3rd period - Shot Blocked by Phil Oreskovic.
11:15 of 3rd period - Mattias Backman is hit by Teuvo Teravainen and loses puck.
11:30 of 3rd period - Marcus Pettersson is hit by Curtis Lazar.
11:58 of 3rd period - Riley Barber is hit by Marko Dano and loses puck.
13:49 of 3rd period - Off-side.
13:50 of 3rd period - Curtis Lazar wins face-off versus Nathan Gerbe in neutral zone.
14:01 of 3rd period - Nathan Gerbe is hit by Curtis Lazar and loses puck.
14:58 of 3rd period - Off-side.
14:59 of 3rd period - Lucas Wallmark wins face-off versus Rourke Chartier in neutral zone.
15:06 of 3rd period - Wrist shot by Jeremy Welsh.
15:06 of 3rd period - Shot Blocked by Nicholas Baptiste.
15:08 of 3rd period - Snap shot by Riley Barber.
15:08 of 3rd period - Shot Misses the Net.
15:10 of 3rd period - Minor Penalty to Nicholas Baptiste for Hooking.
15:11 of 3rd period - Blake Geoffrion wins face-off versus Tye McGinn in Griffins zone.
15:14 of 3rd period - Wrist shot by Blake Geoffrion.
15:14 of 3rd period - Stopped by Olivier Roy without a rebound.
15:15 of 3rd period - Markus Granlund wins face-off versus Tye McGinn in Griffins zone.
17:10 of 3rd period - Penalty to Nicholas Baptiste is over, Nicholas Baptiste is back on ice.
17:37 of 3rd period - Wrist shot by Nathan Gerbe.
17:37 of 3rd period - Stopped by Tristan Jarry without a rebound.
17:38 of 3rd period - Nathan Gerbe wins face-off versus Lucas Wallmark in Carnivores zone.
17:39 of 3rd period - Snap shot by Marko Dano.
17:39 of 3rd period - Stopped by Tristan Jarry with a rebound.
17:41 of 3rd period - Slapshot by Haydn Fleury.
17:41 of 3rd period - Shot Blocked by Trevor Van Riemsdyk.
17:43 of 3rd period - Wrist shot by Tye McGinn.
17:43 of 3rd period - Shot Blocked by Nicolas Kerdiles.
18:09 of 3rd period - Markus Granlund is hit by Simon Despres and loses puck.
18:58 of 3rd period - Oskar Lindblom is hit by Ben Hanowski and loses puck.
19:51 of 3rd period - Mirco Mueller is hit by Nicolas Kerdiles and loses puck.
Goals for this period are 0 for Carnivores vs 1 for Griffins.
Shots for this period are 7 for Carnivores vs 8 for Griffins.
Back to the Top